 Dungeon Crawl Stone Soup version 0.29-a0-813-g4a14ea37d6 (webtiles) character file.

Game seed: 6261286574410631155

462 elite277 the Grave Robber (level 7, -2/48 HPs)
             Began as a Human Necromancer on July 4, 2022.
             Slain by Duvessa
             ... wielding a +0 rapier
              (6 damage)
             ... on level 4 of the Dungeon.
             The game lasted 00:26:03 (4609 turns).

elite277 the Grave Robber (Human Necromancer)       Turns: 4609, Time: 00:26:04

Health: -2/48      AC:  4    Str:  8    XL:     7   Next: 28%
Magic:  0/13       EV: 12    Int: 17    God:
Gold:   278        SH:  0    Dex: 14    Spells: 5/14 levels left

rFire   + . .      SeeInvis .   t - +3 mace
rCold   + . .      Faith    .   (no shield)
rNeg    + . .      Spirit   +   a - +0 robe
rPois   +          Reflect  .   H - +0 helmet
rElec   +          Harm     .   (no cloak)
rCorr   +          Rampage  .   F - +0 pair of gloves
Will    +....                   (no boots)
Stlth   ++........              E - amulet of guardian spirit
HPRegen 0.16/turn               h - ring of positive energy
MPRegen 0.13/turn               G - ring of willpower

@: resistant, very slightly contaminated
A: no striking features
a: no special abilities


You were on level 4 of the Dungeon.
You visited 1 branch of the dungeon, and saw 4 of its levels.

You collected 278 gold pieces.

Inventory:

Hand Weapons
 e - a +0 whip
 f - a +0 spear
 q - a +0 mace of holy wrath
 t - a +3 mace (weapon)
Missiles
 l - 6 poisoned darts
 C - 6 boomerangs
Armour
 a - a +0 robe (worn)
 i - a +0 ring mail
 v - a +0 leather armour
 B - the +7 chain mail of Axuph {-Tele rElec rN+ Slay+4}
   (You found it on level 4 of the Dungeon)

   Slay:      It affects your accuracy & damage with ranged weapons and melee
   (+4).
   rElec:     It insulates you from electricity.
   rN:        It protects you from negative energy.
   -Tele:     It prevents most forms of teleportation.
 D - a +0 leather armour of fire resistance
 F - a +0 pair of gloves (worn)
 H - a +0 helmet (worn)
Jewellery
 h - a ring of positive energy (left hand)
 E - an amulet of guardian spirit (around neck)
 G - a ring of willpower (right hand)
Wands
 u - a wand of paralysis (12)
Scrolls
 j - a scroll of noise
 k - a scroll of enchant weapon {unknown}
 r - a scroll of fear {unknown}
 y - a scroll of teleportation {unknown}
 z - a scroll of vulnerability {unknown}
Potions
 b - a potion of magic
 c - a potion of cancellation {unknown}
 g - a potion of lignification {unknown}
 m - a potion of resistance
 n - a potion of brilliance {unknown}
 o - 2 potions of degeneration
 p - a potion of haste {unknown}
 s - a potion of flight {unknown}
 w - a potion of berserk rage {unknown}
 x - 2 potions of ambrosia
 A - a potion of curing {unknown}


   Skills:
 + Level 1.2 Fighting
 + Level 1.5 Maces & Flails
 + Level 0.5 Polearms
 + Level 2.2 Dodging
 - Level 2.0 Stealth
 + Level 0.2 Unarmed Combat
 + Level 4.1 Spellcasting
 + Level 2.4 Conjurations
 + Level 5.1 Necromancy
 + Level 2.3 Fire Magic


You had 5 spell levels left.
You knew the following spells:

 Your Spells              Type           Power      Damage    Failure   Level
a - Necrotise             Necr           80%        1d8       1%          1
b - Foxfire               Conj/Fire      44%        2x1d6     6%          1
c - Vampiric Draining     Necr           20%        2d7       6%          3
d - Animate Dead          Necr           20%        N/A       19%         4

Your spell library contained the following spells:

 Spells                   Type           Power      Damage    Failure   Level
 Conjure Flame            Conj/Fire      11%        6-21      17%         3
 Inner Flame              Hex/Fire       7%         N/A       28%         3
 Agony                    Necr           20%        N/A       47%         5
 Flame Wave               Conj/Fire      11%        2d5       50%         4


Dungeon Overview and Level Annotations

Branches:
Dungeon (4/15)
 Temple: D:4-7

Altars:

Annotations:
D:4 Dowan, Duvessa


Message History

Aiming: Necrotise (safe; 1% risk of failure)
Press: ? - help, Shift-Dir - straight line, f/p - Duvessa
Aim: Duvessa, wielding a +0 rapier and wearing a +0 leather armour (almost dead, chance to affect: 63%) Duvessa resists with significant effort.
Duvessa hits you with a +0 rapier.
Dowan gestures at Duvessa while chanting.
Duvessa seems to speed up.
You hit Duvessa but do no damage.
Duvessa is almost dead.
Duvessa hits you with a +0 rapier. Dowan barely misses you.
Duvessa barely misses you. Dowan hits you but does no damage.
The quokka misses you.
Casting: Necrotise (safe; 1% risk of failure)
Confirm with . or Enter, or press ? or * to list all spells.
Aiming: Necrotise (safe; 1% risk of failure)
Press: ? - help, Shift-Dir - straight line, f/p - Duvessa
Aim: Duvessa, wielding a +0 rapier and wearing a +0 leather armour (almost dead, fast, chance to affect: 63%)
You miscast Necrotise.
You are very lightly contaminated with residual magic.
Nothing appears to happen.
Duvessa hits you with a +0 rapier. Duvessa closely misses you.
The quokka bites you. Dowan hits you with a +0 dagger.
You hit Duvessa.
Duvessa is almost dead.
Duvessa hits you with a +0 rapier!
* * * LOW HITPOINT WARNING * * *
The quokka bites you but does no damage.
Dowan completely misses you. Duvessa hits you with a +0 rapier.
* * * LOW HITPOINT WARNING * * *
The quokka barely misses you.
Okay, then.
You feel much better. Duvessa hits you with a +0 rapier!
* * * LOW HITPOINT WARNING * * *
Dowan gestures wildly while chanting.
Dowan blinks!
The quokka closely misses you. Duvessa hits you with a +0 rapier!
* * * LOW HITPOINT WARNING * * *
It was a potion of resistance.
You feel protected. Duvessa hits you with a +0 rapier.
You die...

...#####......#
#.............#
##............#
#......#....##
#......##..).###
#.....####.....## #....##
#.))...### . ....##
####..))..ยง## ...
...#####....)...@e.#.....
..###..........##r..e....
.##.............##.......
.##.............####.......
.###.............# #.....r#
# ..##.............##
#......## .
..###.............#
##......##.
#..###.......##...##
.......
#..###......####)..# #.....


You could see Duvessa (fast), Dowan and a quokka.

Vanquished Creatures
  Pargi (D:3)
  An ogre (D:4)
  2 orc priests (D:2)
  An orc wizard (D:4)
  Robin (D:4)
  6 adders
  An ufetubus (D:4)
  4 worms
  4 dart slugs
  8 orcs
  9 bats
  7 endoplasms
  5 giant cockroaches
  12 goblins
  11 hobgoblins
  3 jackals (D:3)
  2 quokkas
  3 ball pythons
  3 frilled lizards
  5 kobolds
  2 rats (D:1)
91 creatures vanquished.

Vanquished Creatures (collateral kills)
  An orc (D:2)
  A goblin (D:1)
2 creatures vanquished.

Vanquished Creatures (others)
  3 goblin zombies (D:4)
  2 hobgoblin zombies (D:4)
  4 orc zombies (D:4)
  A quokka zombie (D:4)
  146 foxfires
  2 fungi (D:2)
158 creatures vanquished.

Grand Total: 251 creatures vanquished

Notes
Turn   | Place    | Note
-------+----------+-------------------------------------------
     0 | D:1      | elite277 the Human Necromancer began the quest for the Orb.
     0 | D:1      | Reached XP level 1. HP: 13/13 MP: 3/3
   210 | D:1      | Reached XP level 2. HP: 12/19 MP: 0/5
   415 | D:1      | Learned a level 1 spell: Foxfire
   782 | D:1      | Reached XP level 3. HP: 24/24 MP: 4/6
  1568 | D:2      | Reached skill level 1 in Conjurations
  1626 | D:2      | Reached XP level 4. HP: 30/30 MP: 2/8
  2016 | D:1      | Learned a level 3 spell: Vampiric Draining
  2084 | D:2      | Reached skill level 1 in Fire Magic
  2084 | D:2      | Reached XP level 5. HP: 21/35 MP: 5/9
  2445 | D:2      | Learned a level 4 spell: Animate Dead
  2646 | D:3      | Found a faded altar of an unknown god.
  3091 | D:3      | Noticed Pargi
  3104 | D:3      | Killed Pargi
  3105 | D:3      | Reached skill level 1 in Fighting
  3105 | D:3      | Reached XP level 6. HP: 20/43 MP: 0/11
  3384 | D:4      | Noticed an ogre
  3566 | D:4      | Killed an ogre
  3567 | D:4      | Reached skill level 1 in Maces & Flails
  3567 | D:4      | Reached skill level 5 in Necromancy
  3699 | D:4      | Noticed Duvessa
  3750 | D:4      | Reached XP level 7. HP: 40/48 MP: 8/12
  3804 | D:4      | Identified the +7 chain mail of Axuph {-Tele rElec rN+
                  | Slay+4}
  3899 | D:4      | Noticed Robin
  4531 | D:4      | Killed Robin
  4589 | D:4      | Noticed Dowan
  4609 | D:4      | Slain by Duvessa

Illustrated notes

Levels and vault maps discovered:
D:1:      evilmike_arrival_crescent, layout_loops_ring
D:2:      cheibrodos_pilgrimage, layout_rooms, dreamdust_mushroom_princess
D:3:      layout_rooms, hellmonk_ecumenical_altar_run_dry, bh_walls_and_bars,
          uniq_pargi
D:4:      layout_cave_pods, uniq_duvessa, uniq_robin

Skill      XL: |  1  2  3  4  5  6  7 |
---------------+----------------------+-----
Conjurations   | 1 2 |  2.4
Spellcasting   | 3 4 |  4.1
Fire Magic     | 1 2 |  2.3
Fighting       | 1 |  1.2
Maces & Flails | 1 |  1.5
Necromancy     | 5 |  5.1
Polearms       | |  0.5
Dodging        | |  2.2
Stealth        | |  2.0
Unarmed Combat | |  0.2

Action                   |  1- 3 |  4- 6 |  7- 9 || total
-------------------------+-------+-------+-------++-------
Melee: Unarmed           |     5 |       |       ||     5
       Spear             |    10 |     5 |       ||    15
       Mace              |     3 |    16 |    32 ||    51
 Cast: Necrotise         |    55 |    31 |    18 ||   104
       Foxfire           |    15 |    45 |    20 ||    80
       Vampiric Draining |       |     3 |     3 ||     6
       Animate Dead      |       |       |     2 ||     2
  Use: Scroll            |       |     4 |       ||     4
       Potion            |       |     1 |     2 ||     3
 Stab: Sleeping          |     1 |     1 |       ||     2
Armor: Robe              |     8 |     6 |    15 ||    29
Dodge: Dodged            |    23 |    28 |    42 ||    93

Table legend: (Time is in decaauts)
 A = Elapsed time spent in this place.
 B = Non-inter-level travel time spent in this place.
 C = Inter-level travel time spent in this place.
 D = Time resting spent in this place.
 E = Time spent auto-exploring this place.
 F = Levels seen in this place.
 G = Mean time per level.
                   A        B        C        D        E       F      G
               +--------+--------+--------+--------+--------+-----+--------+
         Total |   4629 |   4280 |    349 |   1344 |   1308 |   4 | 1157.2 |
       Dungeon |   4629 |   4280 |    349 |   1344 |   1308 |   4 | 1157.2 |
               +--------+--------+--------+--------+--------+-----+--------+

Top non-repeatable levels by time:
     D:1: 1547 daAuts
     D:3: 1196 daAuts
     D:4: 984 daAuts
     D:2: 901 daAuts
